Map: Dusk Towers

Players

Hunter

  • Race: Protoss Protoss
  • League: Master

Miszu - Winner!

  • Race: Terran Terran
  • League: Master

VOD

Have the link to the VOD?

Description

Time

  • Played on: July 3, 2016, 11:45 a.m.
  • Length: 8:30
Show
View Real Time Build Order
Export as new Build Order

Hunter Protoss 

Build Orders: 1 Gate Expand, Phoenix Opening 

Get SALT Encoding   

  12  0:01  Probe (Chrono Boost)  
  13  0:11  Probe (Chrono Boost)  
  14  0:17  Pylon  
  14  0:22  Probe (Chrono Boost)  
  15  0:36  Gateway, Probe (Chrono Boost)  
  15  0:41  Assimilator  
  16  0:46  Probe (Chrono Boost)  
  18  0:57  Probe (Chrono Boost)  
  18  1:17  Nexus  
  18  1:29  Cybernetics Core  
  19  1:32  Probe (Chrono Boost)  
  19  1:38  Assimilator  
  19  1:43  Probe (Chrono Boost)  
  20  1:51  Assimilator  
  19  2:00  Pylon  
  19  2:02  Warp Gate (Chrono Boost), Probe (Chrono Boost)  
  20  2:12  Stalker  
  22  2:16  Probe (Chrono Boost)  
  23  2:28  Probe (Chrono Boost)  
  25  2:30  Probe (Chrono Boost)  
  25  2:35  Stargate  
  25  2:43  Probe x2 (Chrono Boost)  
  27  2:47  Stalker (Chrono Boost)  
  29  2:54  Probe  
  30  3:06  Gateway  
  30  3:11  Probe x2  
  32  3:14  Adept (Chrono Boost)  
  34  3:20  Phoenix (Chrono Boost)  
  34  3:26  Probe  
  34  3:27  Pylon  
  37  3:28  Probe  
  38  3:41  Adept (Chrono Boost), Phoenix (Chrono Boost)  
  42  4:00  Phoenix  
  42  4:19  Stalker  
  42  4:22  Phoenix, Probe x2  
  40  4:40  Stalker x2  
  40  4:42  Probe x2  
  46  4:55  Probe (Chrono Boost)  
  46  4:56  Probe (Chrono Boost)  
  46  4:57  Pylon  
  49  5:07  Probe (Chrono Boost)  
  49  5:11  Mothership Core (Chrono Boost)  
  53  5:14  Void Ray  
  53  5:17  Probe (Chrono Boost)  
  56  5:23  Assimilator  
  56  5:30  Probe (Chrono Boost)  
  57  5:38  Adept x2, Pylon  
  57  5:40  Pylon  
  61  5:51  Probe (Chrono Boost)  
  61  5:52  Void Ray  
  63  5:58  Probe (Chrono Boost)  
  63  6:02  Probe (Chrono Boost)  
  68  6:15  Probe (Chrono Boost)  
  68  6:17  Probe (Chrono Boost)  
  70  6:23  Nexus  
  70  6:35  Probe (Chrono Boost)  
  70  6:36  Twilight Council, Probe (Chrono Boost)  
  72  6:45  Probe (Chrono Boost)  
  74  6:48  Probe (Chrono Boost)  
  74  6:56  Probe (Chrono Boost)  
  74  7:00  Probe (Chrono Boost)  
  76  7:01  Pylon  
  76  7:02  Adept  
  76  7:08  Gateway  
  78  7:09  Gateway  
  78  7:17  Void Ray  
  78  7:20  Probe (Chrono Boost)  
  83  7:23  Adept  
  83  7:28  Pylon  
  85  7:35  Probe  
  85  7:36  Probe  
  87  7:38  Adept  
  89  7:48  Adept  
  89  8:00  Adept  
  95  8:06  Pylon  
  95  8:08  Pylon  
  95  8:11  Pylon x2  
  95  8:13  Pylon  
  95  8:22  Adept x2  
Show
View Real Time Build Order
Export as new Build Order

Miszu Terran - Winner!

Build Orders: 1/1/1, Liberator Opening, MMM Bio 

Get SALT Encoding   

  12  0:00  SCV  
  13  0:13  SCV  
  14  0:17  Supply Depot  
  14  0:25  SCV  
  15  0:29  Refinery  
  15  0:39  SCV  
  16  0:45  Barracks  
  16  0:51  SCV  
  17  1:03  SCV  
  18  1:15  SCV  
  19  1:31  Orbital Command  
  19  1:32  Marine  
  20  1:33  Factory  
  20  1:43  Supply Depot  
  20  1:49  Marine  
  21  1:57  SCV  
  22  2:07  Marine  
  23  2:09  SCV  
  23  2:12  Supply Depot  
  24  2:17  Hellion  
  24  2:19  Starport  
  24  2:21  SCV  
  27  2:25  Marine  
  28  2:35  SCV  
  29  2:39  Hellion  
  29  2:43  Marine  
  32  2:44  Refinery  
  32  2:47  SCV  
  33  2:56  Medivac  
  35  3:01  Command Center  
  35  3:07  Supply Depot  
  35  3:10  Barracks Reactor  
  35  3:16  Hellion  
  35  3:19  SCV  
  38  3:22  Liberator  
  38  3:31  SCV  
  42  3:48  Barracks, Factory Tech Lab  
  42  3:49  SCV  
  42  3:50  Barracks  
  43  3:56  Marine x2  
  44  4:10  SCV  
  44  4:15  Siege Tank  
  48  4:26  Marine x2  
  50  4:31  SCV  
  50  4:32  Orbital Command  
  50  4:35  Engineering Bay  
  47  4:41  Barracks Tech Lab x2  
  47  4:43  Starport Reactor  
  47  4:44  Marine x2  
  47  4:47  SCV  
  48  4:59  SCV  
  49  5:00  SCV  
  49  5:01  Stimpack  
  49  5:04  Missile Turret  
  49  5:06  Missile Turret  
  50  5:11  SCV  
  50  5:12  SCV  
  52  5:14  Siege Tank  
  52  5:21  Marine  
  56  5:23  SCV  
  56  5:25  Refinery  
  56  5:27  Supply Depot  
  58  5:28  SCV  
  58  5:29  Terran Infantry Weapons Level 1  
  58  5:30  Marine x2  
  60  5:35  SCV  
  60  5:40  SCV  
  60  5:41  Supply Depot  
  62  5:48  Marine  
  62  5:49  SCV  
  63  5:52  SCV  
  63  5:55  Barracks  
  64  5:57  Barracks  
  64  6:00  Supply Depot  
  64  6:01  SCV  
  65  6:04  SCV  
  65  6:09  Combat Shields  
  65  6:10  Marine x3  
  69  6:12  Siege Tank  
  69  6:13  SCV  
  69  6:17  Refinery  
  73  6:20  SCV  
  73  6:21  Marine  
  73  6:23  Supply Depot  
  73  6:25  Medivac  
  77  6:27  Medivac  
  77  6:29  SCV  
  77  6:31  Marine  
  77  6:32  Marine  
  82  6:34  Marine  
  82  6:39  Marine, Liberator  
  85  6:42  Barracks Reactor  
  85  6:44  Barracks Reactor  
  84  6:51  Marine x2  
  89  7:04  Marine x2  
  89  7:05  Supply Depot  
  89  7:08  Supply Depot  
  91  7:09  Marine x2  
  93  7:21  Marine  
  94  7:23  Liberator  
  94  7:26  Marine x5  
  94  7:27  Siege Tank  
  94  7:29  Marine x2  
  104  7:31  Supply Depot  
  104  7:34  Supply Depot  
  104  7:39  Marine  
  108  7:44  Marine x2  
  110  7:52  Marine x2  
  110  7:56  Marine x2  
  110  7:57  Marine  
  110  7:58  Marine  
  118  8:02  Marine  
  118  8:03  Marine  
  123  8:10  Marine x2  
Tags
 
Add a new tag
Caveats
  • Supply blocks, unpowered buildings, or Contaminate may cause inaccurate times.
  • Supply counts are checked every 10 seconds.